 Dungeon Crawl Stone Soup version 0.31.0-9-g3a7656b989 (webtiles) character file.

Game seed: 10564240759369700898

191609 dialectric the Impregnable (level 17, 0/165 HPs)
             Began as a Minotaur Gladiator on Jan 24, 2024.
             Slain by a fire elemental (7 damage)
             ... summoned by a deep elf pyromancer
             ... on level 2 of the Elven Halls.
             The game lasted 01:01:31 (34530 turns).

dialectric the Impregnable (Minotaur Gladiator)    Turns: 34530, Time: 01:01:31

Health: 0/165      AC: 40    Str: 28    XL:     17   Next: 68%
Magic:  19/19      EV: 10    Int:  5    God:
Gold:   2074       SH:  0    Dex: 18    Spells: 20/20 levels left

rFire   . . .        t - +9 broad axe "Batz" {speed, rPois rN+ Will+}
rCold   . . .        (no shield)
rNeg    + . .        d - +6 crystal plate armour
rPois   +            c - +0 hat
rElec   .            l - +0 cloak
rCorr   .            y - +0 pair of gloves
SInv    .            O - +0 pair of boots
Will    ++++.        I - necklace of Bloodlust {Fury *Rage Will++ Int-3 Slay+6} Stlth
                     J - +6 ring of dexterity
HPRegen 0.47/turn    P - +4 ring of slaying
MPRegen 0.16/turn

%: random rage (50%)
@: lethally poisoned (0 -> -8), on berserk cooldown, slowed, studying Ranged
Weapons, very slow
A: horns 2, retaliatory headbutt, clever 1, strong 1, inability to read after
injury 1
a: no special abilities


You were on level 2 of the Elven Halls.
You visited 8 branches of the dungeon, and saw 30 of its levels.
You also visited: Bailey and Gauntlet.

You collected 3111 gold pieces.
You spent 1037 gold pieces at shops.

Inventory:

Hand Weapons
 e - a +2 dire flail of draining
 t - the +9 broad axe "Batz" (weapon) {speed, rPois rN+ Will+}
   (You found it on level 15 of the Dungeon)

   rPois:     It protects you from poison rN+: It protects you from negative
   energy.
   Will+:     It increases your willpower.
 E - a +5 flail of freezing
 Z - a +5 heavy lajatang
Missiles
 G - 37 poisoned darts (quivered)
 Y - 10 silver javelins
Armour
 c - a +0 hat (worn)
 d - a +6 crystal plate armour (worn)
 l - a +0 cloak (worn)
 y - a +0 pair of gloves (worn)
 N - a +0 tower shield
 O - a +0 pair of boots (worn)
Jewellery
 h - a ring of positive energy
 u - an amulet of the acrobat
 x - a ring of willpower
 I - the necklace of Bloodlust (around neck) {Fury *Rage Will++ Int-3 Slay+6}
   (You bought it in a shop on level 1 of the Elven Halls)

   [amulet of nothing]

   Fury:      It extends the wearer's berserk rage when killing foes.
   Int-3:     It affects your intelligence (-3).
   Slay+6:    It affects your accuracy & damage with ranged weapons and melee
   (+6).
   Will++:    It greatly increases your willpower.
   *Rage:     It berserks you when you make melee attacks (+50% chance).
 J - a +6 ring of dexterity (left hand)
 L - an amulet of reflection
 P - a +4 ring of slaying (right hand)
 R - a ring of see invisible
 S - a +6 ring of dexterity
 T - a ring of poison resistance
 X - a +5 ring of evasion
Talismans
 r - the death talisman "Suitob" {rElec rF+ Will+ Dex-3}
   (You found it in a Gauntlet)

   [talisman of death]

   Dex-3:     It affects your dexterity (-3).
   rF+:       It protects you from fire.
   rElec:     It insulates you from electricity.
   Will+:     It increases your willpower.
Wands
 v - a wand of flame (14)
 C - a wand of iceblast (10)
 U - a wand of paralysis (8)
 V - a wand of digging (6)
 W - a wand of mindburst (29)
Scrolls
 b - 2 scrolls of blinking
 j - a scroll of revelation
 k - 7 scrolls of teleportation
 m - a scroll of silence
 s - 4 scrolls of fear
 w - 2 scrolls of immolation
 B - 2 scrolls of brand weapon
 D - a scroll of identify
 K - 2 scrolls of fog
 M - 2 scrolls of vulnerability
Potions
 a - 6 potions of heal wounds
 f - 5 potions of mutation
 i - 6 potions of curing
 n - 4 potions of attraction
 o - 4 potions of resistance
 p - 5 potions of brilliance
 q - a potion of invisibility
 z - a potion of magic
 A - 6 potions of enlightenment
 F - 2 potions of haste
 H - 8 potions of lignification
 Q - 3 potions of might
Miscellaneous
 g - a condenser vane (inert)


   Skills:
 + Level 18.2 Fighting
 + Level 13.1(17.0) Axes
 + Level 17.5(19.6) Maces & Flails
 * Level 7.8(13.7) Staves
 - Level 2.0 Throwing
 + Level 22.8 Armour
 + Level 6.0 Dodging
 + Level 2.4 Spellcasting
 - Level 3.2 Evocations


You had 20 spell levels left.
You didn't know any spells.
Your spell library contained the following spells:

 Spells                   Type           Power      Damage    Failure   Level
 Apportation              Tloc           0%         N/A       98%         1
 Necrotise                Necr           0%         1d4       98%         1
 Sting                    Conj/Alch      0%         1d3       98%         1
 Summon Small Mammal      Summ           0%         N/A       98%         1
 Cigotuvi's Dreadful Rot  Necr/Alch/Air  0%         N/A       99%         2
 Lesser Beckoning         Tloc           0%         N/A       99%         2
 Static Discharge         Conj/Air       0%         3-3/arc   99%         2
 Sublimation of Blood     Necr           0%         N/A       99%         2
 Call Canine Familiar     Summ           0%         N/A       100%        3
 Gell's Gravitas          Tloc           0%         N/A       100%        3
 Hailstorm                Conj/Ice       0%         3d5       100%        3
 Summon Ice Beast         Ice/Summ       0%         N/A       100%        3
 Teleport Other           Tloc           0%         N/A       100%        3
 Tukima's Dance           Hex            0%         N/A       100%        3
 Airstrike                Air            0%         2d(0-16)  100%        4
 Anguish                  Hex/Necr       0%         N/A       100%        4
 Animate Dead             Necr           0%         N/A       100%        4
 Cause Fear               Hex            0%         N/A       100%        4
 Dispel Undead            Necr           0%         3d6       100%        4
 Leda's Liquefaction      Alch/Erth      0%         N/A       100%        4
 Martyr's Knell           Necr/Summ      0%         N/A       100%        4
 Passage of Golubria      Tloc           0%         N/A       100%        4
 Petrify                  Alch/Erth      0%         N/A       100%        4
 Summon Blazeheart Golem  Fire/Summ      0%         N/A       100%        4
 Summon Lightning Spire   Summ/Air       0%         N/A       100%        4
 Borgnjor's Vile Clutch   Necr/Erth      0%         N/A       100%        5
 Fireball                 Conj/Fire      0%         3d3       100%        5
 Irradiate                Conj/Alch      0%         3d11      100%        5
 Lee's Rapid Deconstruct  Erth           0%         3d4*      100%        5
 Yara's Violent Unravell  Hex/Alch       0%         3d3       100%        5
 Bombard                  Conj/Erth      0%         9d1       100%        6
 Death Channel            Necr           0%         N/A       100%        6
 Eringya's Noxious Bog    Alch           0%         4d6       100%        6
 Sculpt Simulacrum        Ice/Alch       0%         N/A       100%        6
 Enfeeble                 Hex            0%         N/A       100%        7
 Infestation              Necr           0%         N/A       100%        8
 Dragon's Call            Summ           0%         N/A       100%        9


Dungeon Overview and Level Annotations

Branches:
Dungeon (15/15)              Lair (5/5) D:9          Shoals (1/4) Lair:3
 Spider (1/4) Lair:2        Slime (1/5) Lair:4          Orc (2/2) D:12
    Elf (2/3) Orc:2        Vaults (0/5) D:14         Depths (3/4) D:15
 Bailey (visited)         Gauntlet (visited)
 Temple: D:4-7

Altars:
Dithmenos
Elyvilon
Makhleb
Nemelex Xobeh
Okawaru
Qazlal
Ru
Sif Muna
Vehumet
Wu Jian
Zin

Shops:
D:2 =   D:10 *   Orc:2 !*(   Elf:1 =:

Portals:
Hell: Lair:5 Depths:1 Depths:2
Abyss: Depths:1 Depths:2
Pandemonium: Depths:2
Ziggurat: Depths:2

Annotations:
D:5 Sigmund
D:6 2 transporters
D:12 exclusion: obsidian statue


Innate Abilities, Weirdness & Mutations

You have a pair of horns on your head.
You reflexively headbutt those who attack you in melee.
Your mind is acute. (Int +4, Str/Dex -1)
Your muscles are strong. (Str +4, Int/Dex -1)
You occasionally lose the ability to read scrolls when taking damage.


Message History

You see here a +2 antimagic short sword.
You feel your anger nearly subside.
You are no longer berserk.
You are exhausted.
You feel yourself slow down.
You feel sick. The fire elemental closely misses you.
The fire elemental barely misses you. You furiously retaliate!
You headbutt the fire elemental!
The deep elf pyromancer gestures wildly while chanting.
The deep elf pyromancer blinks!
The deep elf pyromancer is engulfed in blazing flames.
The deep elf pyromancer mumbles some strange words.
The deep elf pyromancer blinks!
The deep elf pyromancer gestures at you while chanting.
The bolt of fire hits the fire elemental.
The fire elemental completely resists.
The bolt of fire hits you but does no damage.
The +1 halberd of venom hits you!!
You are more poisoned.
The fire elemental closely misses you. You furiously retaliate!
You headbutt the fire elemental.
You hear some strange, mumbled words.
A shard of ice appears from out of thin air!
The shard of ice hits you!
There is a stone staircase leading up, spattered with blood here.
You feel very sick. The fire elemental hits you. The fire elemental burns you!
The fire elemental completely misses you.
The +1 halberd of venom hits you! Something hits you but does no damage.
The fire elemental closely misses you. You furiously retaliate!
You headbutt the fire elemental!
The deep elf pyromancer casts a spell.
The deep elf pyromancer blinks!
The deep elf archer shoots an arrow.
The arrow hits you. The fire elemental hits you. The fire elemental burns you!
The fire elemental hits you. The fire elemental burns you!
The +1 halberd of venom closely misses you.
You hear some strange, mumbled words.
A shard of ice appears from out of thin air!
The shard of ice hits you!!!
* * * LOW HITPOINT WARNING * * *
The fire elemental hits you. The fire elemental burns you!
You die...

?....... ####.
#..............##
#.....e#.........
....§##..#.....
..#....§..e../
#....°...°...
##...○..○°....
#....E(E......
#..).)@{......
#....E.ee.....
#...°...#.....
##.....## ....
#.....# ...
####### ##


You could see a deep elf archer (repels missiles), 3 deep elf pyromancers, 3
fire elementals and a +1 halberd of venom.

Vanquished Creatures
  Agnes (D:14)
  Kirke (Lair:5)
  2 fire giants (Depths:2)
  2 frost giants (Depths:3)
  A deep elf sorcerer (Orc:2)
  An orc warlord (Bailey)
  A reaper (Depths:2)
  7 stone giants
  A vampire knight (Depths:2)
  A deep elf annihilator (Depths:1)
  A minotaur (Gauntlet)
  A deep elf demonologist (Orc:2)
  A dire elephant (Lair:5)
  8 fire dragons
  2 ettins (Depths:1)
  Erolcha (Orc:2)
  3 ice dragons
  8 vault guards (D:14)
  4 rakshasas
  5 hydras
  An ogre mage (D:15)
  2 catoblepae
  5 centaur warriors
  3 boulder beetles
  4 dancing weapons
  13 two-headed ogres
  5 deep troll shamans (Depths:1)
  3 tengu warriors
  2 vampire magi
  2 deep troll earth magi (Depths:1)
  A demonic crawler (Lair:2)
  4 occultists
  An orc high priest (Orc:1)
  5 deep elf knights (Elf:1)
  A storm dragon zombie (D:15)
  2 skysharks
  6 hell knights
  5 skeletal warriors (D:15)
  A salamander mystic (Depths:1)
  A sixfirhy (Lair:5)
  2 iron trolls (Depths:1)
  A storm dragon skeleton (D:15)
  A sea snake (Shoals:1)
  A sun moth (shapeshifter) (Depths:1)
  An arcanist (Lair:5)
  A glowing orange brain (Depths:2)
  2 deep trolls (Depths:1)
  5 deep elf archers
  A steelbarb worm (Lair:2)
  A lindwurm (Lair:5)
  A necromancer (D:15)
  4 orc knights (Orc:2)
  22 deep elf zephyrmancers
  14 deep elf pyromancers
  8 ugly things
  6 manticores
  5 cyclopes
  A moth of wrath (shapeshifter) (Elf:1)
  10 orc sorcerers
  A meliai (Lair:2)
  A rust devil (Depths:2)
  2 salamanders (Depths:2)
  15 elephants
  3 kobold blastminers (Orc:2)
  A black mamba (Lair:4)
  2 orange demons (Lair:5)
  16 cane toads
  5 gargoyles
  2 unseen horrors
  A water nymph (Shoals:1)
  2 efreet
  A kobold demonologist (D:11)
  6 yaktaurs (D:15)
  8 rime drakes
  7 komodo dragons
  3 red devils (Lair:5)
  4 polar bears
  A hellwing (Lair:5)
  9 trolls
  4 hornets
  A merfolk (Shoals:1)
  Grinder (D:2)
  A spriggan zombie (D:15)
  13 blink frogs
  5 slime creatures
  2 jumping spiders
  5 dream sheep (Lair:5)
  A vampire (D:12)
  A yak (shapeshifter) (D:14)
  7 wyverns
  A water elemental (Orc:2)
  21 yaks
  A basilisk (D:11)
  4 fire elementals
  Eustachio (D:4)
  Grum (Lair:1)
  3 wraiths
  14 vampire mosquitoes
  9 wargs (Orc:2)
  8 redbacks
  3 swamp worms (Gauntlet)
  2 acid dragons
  4 hell hounds
  14 water moccasins
  Duvessa (D:7)
  2 sky beasts
  21 orc warriors
  4 black bears
  An ice beast (D:6)
  18 wolves
  5 ogres
  9 centaurs
  A boggart (Orc:2)
  4 phantoms
  5 kobold brigands
  2 scorpions
  16 bullfrogs
  An earth elemental (Orc:2)
  A gnoll sergeant (D:8)
  14 wights
  Dowan (D:7)
  20 killer bees
  3 howler monkeys
  7 electric eels
  2 hounds
  A jelly (D:6)
  A gnoll bouda (D:7)
  12 orc priests
  Jessica (D:2)
  Natasha (twice) (D:2)
  31 orc wizards
  Robin (D:4)
  13 gnolls
  5 adders
  2 shadow imps
  3 white imps
  3 ufetubi
  3 dart slugs
  6 ribbon worms
  69 orcs
  8 endoplasms
  7 giant cockroaches
  24 goblins
  7 hobgoblins
  4 jackals (D:1)
  6 quokkas
  8 ball pythons
  8 bats
  2 frilled lizards (D:2)
  28 kobolds
  4 rats
820 creatures vanquished.

Vanquished Creatures (others)
  An occultist (Depths:1)
  A ynoxinul (D:12)
  4 humans (Lair:5)
  2 chaos spawn (D:12)
  A boggart (Elf:1)
  2 shadow imps (D:12)
  A white imp (D:12)
  An orc (Orc:2)
13 creatures vanquished.

Grand Total: 833 creatures vanquished

Notes
Turn   | Place    | Note
-------+----------+-------------------------------------------
     0 | D:1      | dialectric the Minotaur Gladiator began the quest for the
                  | Orb.
     0 | D:1      | Reached XP level 1. HP: 18/18 MP: 0/0
    94 | D:1      | Reached XP level 2. HP: 23/25 MP: 1/1
   165 | D:1      | Reached skill level 1 in Armour
   218 | D:1      | Reached XP level 3. HP: 30/30 MP: 2/2
  1032 | D:2      | Noticed Jessica
  1037 | D:2      | Killed Jessica
  1038 | D:2      | Reached skill level 2 in Armour
  1038 | D:2      | Reached XP level 4. HP: 26/37 MP: 3/3
  1191 | D:2      | Found a faded altar of an unknown god.
  1212 | D:2      | Found Ichimeh's Jewellery Boutique.
  1287 | D:2      | Noticed Natasha
  1297 | D:2      | Killed Natasha
  1298 | D:2      | Reached skill level 5 in Maces & Flails
  1377 | D:2      | Noticed Natasha
  1385 | D:2      | Killed Natasha
  1386 | D:2      | Reached XP level 5. HP: 45/45 MP: 4/4
  1556 | D:3      | Noticed Grinder
  1563 | D:3      | Paralysed by Grinder for 4 turns
  1580 | D:2      | Killed Grinder
  1581 | D:2      | Reached skill level 4 in Armour
  1581 | D:2      | Reached XP level 6. HP: 30/51 MP: 5/5
  2381 | D:4      | Noticed Robin
  2610 | D:4      | Reached XP level 7. HP: 38/58 MP: 6/6
  2930 | D:4      | Noticed Eustachio
  2948 | D:4      | Killed Eustachio
  2949 | D:4      | Reached skill level 5 in Armour
  2949 | D:4      | Reached skill level 5 in Dodging
  3012 | D:4      | Killed Robin
  3462 | D:4      | Noticed an angel
  3463 | D:4      | Found a glowing silver altar of Zin.
  3764 | D:4      | Reached skill level 5 in Fighting
  3879 | D:5      | Entered Level 5 of the Dungeon
  3885 | D:5      | Noticed Sigmund
  4199 | D:5      | Found a shimmering blue altar of Sif Muna.
  4269 | D:6      | Found a transporter.
  4418 | D:6      | Reached XP level 8. HP: 50/69 MP: 7/7
  4482 | D:6      | Found a transporter.
  4687 | D:6      | Reached skill level 6 in Armour
  5164 | D:6      | Found a shadowy altar of Dithmenos.
  5215 | D:6      | Found a stormy altar of Qazlal.
  5384 | D:6      | Reached XP level 9. HP: 79/79 MP: 8/8
  5687 | D:7      | Noticed Duvessa
  5699 | D:7      | Killed Duvessa
  5700 | D:7      | Reached skill level 7 in Armour
  5734 | D:7      | Found a flagged portal.
  5754 | Bailey   | Entered a bailey
  5759 | Bailey   | Noticed an orc warlord
  5891 | Bailey   | Found a runed translucent gate.
  5893 | Bailey   | Found a runed translucent gate.
  5895 | Bailey   | Found a runed translucent gate.
  6052 | Bailey   | Gained mutation: You occasionally lose the ability to read
                  | scrolls when taking damage. [potion of mutation]
  6052 | Bailey   | Gained mutation: Your mind is acute. (Int +4, Str/Dex -1)
                  | [potion of mutation]
  6052 | Bailey   | Gained mutation: Your muscles are strong. (Str +4, Int/Dex
                  | -1) [potion of mutation]
  6052 | Bailey   | HP: 4/81 [orc warlord/+4 battleaxe (13)]
  6060 | Bailey   | Killed an orc warlord
  6061 | Bailey   | Reached skill level 10 in Maces & Flails
  6061 | Bailey   | Reached skill level 9 in Armour
  6456 | D:7      | Noticed a two-headed ogre
  6463 | D:7      | Killed a two-headed ogre
  6464 | D:7      | Reached XP level 10. HP: 40/91 MP: 9/9
  6640 | D:7      | Reached skill level 10 in Armour
  6669 | D:7      | Identified the +0 scale mail of Incorporation {Will+
                  | Regen+}
  7167 | D:7      | Noticed Dowan
  7171 | D:7      | Killed Dowan
  7269 | D:7      | Found an ornate altar of the Wu Jian Council.
  7566 | D:8      | Reached skill level 11 in Armour
  7723 | D:8      | Noticed a two-headed ogre
  7729 | D:8      | Killed a two-headed ogre
  8236 | D:9      | Reached skill level 12 in Armour
  8319 | D:9      | Found a staircase to the Lair.
  8348 | D:9      | Reached XP level 11. HP: 75/99 MP: 10/10
  8367 | D:9      | Reached skill level 10 in Fighting
  8503 | D:9      | Found a sparkling altar of Nemelex Xobeh.
  9020 | D:10     | Entered Level 10 of the Dungeon
  9043 | D:10     | Reached skill level 13 in Armour
  9271 | D:10     | Noticed a two-headed ogre
  9275 | D:10     | Killed a two-headed ogre
  9548 | D:10     | Found Ehennaw's Assorted Antiques.
  9558 | D:10     | Bought a scroll labelled NOMUAT ZYQA for 26 gold pieces
  9731 | D:10     | Found a sacrificial altar of Ru.
 10325 | D:11     | Noticed a two-headed ogre
 10329 | D:11     | Reached skill level 14 in Armour
 10374 | D:12     | Noticed an obsidian statue
 10378 | D:12     | Noticed a rakshasa
 10620 | D:11     | Found a white marble altar of Elyvilon.
 10723 | D:11     | Noticed a centaur warrior
 10733 | D:11     | Killed a centaur warrior
 10739 | D:11     | Noticed a purple ugly thing
 10746 | D:11     | Killed a purple ugly thing
 10824 | D:11     | Noticed a two-headed ogre
 10829 | D:11     | Killed a two-headed ogre
 10830 | D:11     | Reached XP level 12. HP: 78/110 MP: 11/11
 10937 | D:11     | Killed a two-headed ogre
 10938 | D:11     | Reached skill level 15 in Armour
 11555 | D:12     | Found a staircase to the Orcish Mines.
 12283 | D:12     | Noticed a two-headed ogre
 12289 | D:12     | Killed a two-headed ogre
 12317 | D:12     | Reached skill level 16 in Armour
 12464 | Orc:1    | Entered Level 1 of the Orcish Mines
 12470 | Orc:1    | Noticed a two-headed ogre
 12477 | Orc:1    | Killed a two-headed ogre
 12631 | Orc:1    | Noticed an orc high priest
 12927 | D:13     | Reached skill level 17 in Armour
 13086 | D:13     | Noticed a centaur warrior
 13103 | D:13     | Killed a centaur warrior
 13356 | D:13     | Reached XP level 13. HP: 44/118 MP: 12/12
 13713 | Lair:1   | Entered Level 1 of the Lair of Beasts
 13786 | Lair:2   | Found a hole to the Spider Nest.
 13972 | Lair:3   | Reached skill level 15 in Maces & Flails
 14272 | Lair:3   | Found a staircase to the Shoals.
 14422 | Lair:4   | Reached skill level 18 in Armour
 14501 | Lair:4   | Reached XP level 14. HP: 48/129 MP: 12/16
 14840 | Lair:4   | Reached skill level 19 in Armour
 14979 | Lair:4   | Found a staircase to the Slime Pits.
 14996 | Slime:1  | Entered Level 1 of the Pits of Slime
 15211 | Lair:5   | Entered Level 5 of the Lair of Beasts
 15258 | Lair:5   | Found a shadowy altar of Dithmenos.
 15531 | Lair:5   | Noticed Kirke
 15545 | Lair:5   | Noticed a sphinx
 15556 | Lair:5   | Killed Kirke
 16008 | Lair:5   | Found a burning altar of Makhleb.
 16688 | Lair:5   | Reached skill level 20 in Armour
 17065 | Lair:4   | Upgraded the game from 0.31.0-7-gf635a9b802 to
                  | 0.31.0-9-g3a7656b989
 17143 | Lair:5   | Reached XP level 15. HP: 139/139 MP: 17/17
 17173 | Lair:5   | Got an earthy gem with 375 turns to spare
 17173 | Lair:5   | Found a gateway to Hell.
 17179 | Lair:5   | Identified the staff of the World {Dex+2 Earth}
 17775 | Lair:1   | Noticed Grum
 17793 | Lair:1   | Killed Grum
 17975 | Lair:1   | Reached skill level 15 in Fighting
 18990 | Orc:2    | Entered Level 2 of the Orcish Mines
 19003 | Orc:2    | Noticed Erolcha
 19013 | Orc:2    | Killed Erolcha
 19056 | Orc:2    | Found a staircase to the Elven Halls.
 19527 | Orc:2    | Found Qyfeuv's General Store.
 19530 | Orc:2    | Found Olask's Distillery.
 19545 | Orc:2    | Bought a potion of curing for 42 gold pieces
 19545 | Orc:2    | Bought a potion of berserk rage for 70 gold pieces
 19888 | Orc:2    | Found Yrrycene's Antique Weapon Shoppe.
 20570 | D:14     | Reached skill level 21 in Armour
 20875 | D:14     | Found a gate leading to a gauntlet.
 20891 | Gauntlet | Entered a Gauntlet
 20891 | Gauntlet | Found a transporter.
 20898 | Gauntlet | Found a transporter.
 20901 | Gauntlet | Found a transporter.
 20923 | Gauntlet | Found a transporter.
 20937 | Gauntlet | Found a transporter.
 20939 | Gauntlet | Found a transporter.
 20997 | Gauntlet | Found a transporter.
 20998 | Gauntlet | Found a transporter.
 21049 | Gauntlet | Identified the +1 longbow of Poemimm {speed, *Corrode *Slow
                  | Int+4 Dex+2}
 21074 | Gauntlet | Found a transporter.
 21220 | Gauntlet | Found a transporter.
 21220 | Gauntlet | Found a transporter.
 21284 | Gauntlet | Got Xuafud's Vademecum on Unspeakable Magic and Alteration
 21300 | Gauntlet | Identified the death talisman "Suitob" {rElec rF+ Will+
                  | Dex-3}
 21648 | D:14     | Noticed Agnes
 21656 | D:14     | Killed Agnes
 21793 | D:14     | Found a gate to the Vaults.
 22467 | D:15     | Entered Level 15 of the Dungeon
 22643 | Spider:1 | Entered Level 1 of the Spider Nest
 22669 | Lair:2   | Reached skill level 1 in Staves
 23120 | Lair:2   | Reached XP level 16. HP: 149/152 MP: 18/18
 23712 | D:15     | Identified the +2 mace of Kismet {pain, Str+3}
 23749 | D:15     | Reached skill level 5 in Staves
 23844 | D:15     | Identified the +9 broad axe "Batz" {speed, rPois rN+ Will+}
 23847 | D:15     | Found an iron altar of Okawaru.
 24027 | D:15     | Reached skill level 22 in Armour
 24031 | D:15     | Found a staircase to the Depths.
 24283 | D:15     | Reached skill level 1 in Axes
 24693 | Depths:1 | Entered Level 1 of the Depths
 25682 | Shoals:1 | Entered Level 1 of the Shoals
 26863 | Depths:1 | Reached skill level 5 in Axes
 27415 | Depths:1 | Found a one-way gate to the infinite horrors of the Abyss.
 27928 | Elf:1    | Entered Level 1 of the Elven Halls
 28325 | Orc:2    | Bought a potion of curing for 42 gold pieces
 28325 | Orc:2    | Bought a potion of curing for 42 gold pieces
 29759 | Depths:1 | Found a shimmering blue altar of Sif Muna.
 30532 | Depths:2 | Reached skill level 10 in Axes
 30565 | Depths:1 | Reached XP level 17. HP: 50/163 MP: 19/19
 31079 | Depths:2 | Found a one-way gateway to a ziggurat.
 31618 | Depths:2 | Reached skill level 1 in Evocations
 32154 | Depths:2 | Found a one-way gate leading to the halls of Pandemonium.
 33280 | Elf:1    | Found a transporter.
 33280 | Elf:1    | Found Raahufue's Jewellery Shoppe.
 33315 | Elf:1    | Found a radiant altar of Vehumet.
 34059 | Elf:1    | Found Vosibot's Self-Improvement Boutique.
 34321 | Elf:1    | Found a transporter.
 34333 | Elf:1    | Bought the necklace of Bloodlust {Fury *Rage Will++ Int-3
                  | Slay+6} for 815 gold pieces
 34333 | Elf:1    | Found the necklace of Bloodlust {Fury *Rage Will++ Int-3
                  | Slay+6}
 34530 | Elf:2    | HP: 7/165 [something/shard of ice (46)]
 34530 | Elf:2    | Slain by a fire elemental

Illustrated notes

Levels and vault maps discovered:
D:1:      kennysheep_arrival_seaside, layout_rooms
D:2:      layout_loops_ring, serial_shops, nicolae_shop_gaudy_bauble,
          basic_ecumenical_altar, grunt_decor_clamped, minmay_ruptured,
          uniq_natasha, uniq_jessica
D:3:      layout_loops_ring, kennysheep_generic_room_14, uniq_grinder
D:4:      layout_layer_cave, zin_angel, mainiacjoe_overflow_swirl,
          uniq_eustachio, uniq_robin
D:5:      layout_basic, mainiacjoe_overflow_tiny_flanked,
          minmay_temple_entry_butterflies, uniq_sigmund
D:6:      gammafunk_steamed_eel, layout_basic,
          mainiacjoe_overflow_cross_hatched,
          mainiacjoe_overflow_surrounded_room, chequers_arboretum
D:7:      layout_loops_corners, nzn_wu_jian_contemplation, enter_bailey_6,
          uniq_duvessa
D:8:      layout_basic, minmay_bent
D:9:      layout_rooms, nemelex_altar_shiori, minmay_lair_entry_grove,
          kennysheep_diamond, nrook_mini_backslash
D:10:     layout_basic, nicolae_ru_the_path_less_chosen, serial_shops, shop
D:11:     minmay_chambers_of_sixes, layout_basic, elyvilon_altar_1
D:12:     layout_basic, david_orc_3, hangedman_devilish_allure
D:13:     layout_roguey
D:14:     layout_basic, erik_vaults_2, gauntlet_entry_generic,
          hangedman_abyss_or_decor_stagger, uniq_agnes
D:15:     gammafunk_depths_entry_grave, layout_basic, okawaru_ov_weapons_minmay
Lair:1:   layout_gridlike, uniq_grum
Lair:2:   layout_cave_pods, hellmonk_spider_entry_not_the_bees,
          nzn_sisyphean_effort, grunt_megastairs_1
Lair:3:   layout_cave_pods, minmay_shoals_entry_centaurs, serial_bayou_pond_d,
          st_stairs_12
Lair:4:   layout_regular_city, slime_entry_1, chequers_serial_rivers_small_3
Lair:5:   evil_forest, layout_regular_city, lemuel_centaur_altar, uniq_kirke
Shoals:1: layout_shoals, nicolae_shoals_undead_eyrie
Spider:1: layout_spider_delve, hangedman_spider_trapstep
Slime:1:  layout_caves
Orc:1:    layout_caves, nicolae_orc_pool_cavern
Orc:2:    st_orc_town, layout_diamond_mine, uniq_erolcha
Elf:1:    layout_loops_cross, serial_shops, nicolae_shop_drivethru, basic_altar,
          hangedman_elf_disciples, minivault_25_ag, nicolae_shop_self_help
Elf:2:    elven_hall_of_blades_hangedman_original
          [nicolae_blade_entry_floor_patterns], layout_rooms
Depths:1: layout_honeycomb, nicolae_benzene_ring, pf_hell_entry_great_geh,
          abyss_entry, chequers_jeans, tgw_sif
Depths:2: nicolae_cairo_tiling_large, layout_cave_pools, enter_ziggurat_f,
          rand_demon_pan_entry_7, hell_entry, serial_sigils_hangedman_gnaw,
          abyss_entry, nicolae_figureground_pulse
Depths:3: minmay_the_grid_triangle_9x9_rhombus_thin
          [minmay_the_grid_triangle_9x9_odd_lines,
          minmay_the_grid_triangle_9x9_prize_insulated,
          minmay_the_grid_triangle_9x9_impossible_snake,
          minmay_the_grid_triangle_9x9_dagger], layout_gridlike, hellmouth_1,
          grunt_decor_fettered, abyss_entry, rand_demon_pan_entry_1

Skill      XL: |  1  2  3  4  5  6  7  8  9 10 11 12 13 14 15 16 17 |
---------------+----------------------------------------------------+-----
Maces & Flails | 4 5 6 7 9 10 12 14 15 16 17 | 17.5
Armour         | 1 2 4 5 6 9 12 14 17 18 20 21 22 | 22.8
Dodging        | 4 5 6 |  6.0
Fighting       | 3 5 7 9 11 12 13 14 16 18 | 18.2
Spellcasting   | 2 |  2.4
Staves         | 2 7 |  7.8
Axes           | 10 13 | 13.1
Evocations     | 3 |  3.2
Throwing       | |  2.0

Action                     |  1- 3 |  4- 6 |  7- 9 | 10-12 | 13-15 | 16-18 || total
---------------------------+-------+-------+-------+-------+-------+-------++-------
  Melee: Flail             |    87 |    98 |   263 |   549 |   758 |       ||  1755
         Headbutt          |    19 |    20 |    53 |   113 |   223 |   207 ||   635
         Punch             |       |     1 |     4 |     5 |    13 |    15 ||    38
         Lajatang          |       |       |       |       |    58 |    89 ||   147
         Broad axe         |       |       |       |       |       |   541 ||   541
  Throw: Throwing net      |       |     1 |     5 |       |       |       ||     6
         Dart              |       |       |    15 |    21 |    16 |       ||    52
  Evoke: Wand              |       |       |       |     1 |     2 |     5 ||     8
         Condenser vane    |       |       |       |       |       |     1 ||     1
    Use: Scroll            |       |     2 |     7 |    11 |    15 |    12 ||    47
         Potion            |       |       |     3 |       |     9 |       ||    12
   Stab: Distracted        |       |     1 |       |       |       |       ||     1
         Held in net/web   |       |       |     1 |       |       |       ||     1
         Sleeping          |       |       |     1 |       |       |       ||     1
 Armour: Leather armour    |    50 |    62 |    75 |       |       |       ||   187
         Chain mail        |       |       |    76 |       |       |       ||    76
         Crystal plate arm |       |       |    12 |   537 |   732 |   681 ||  1962
  Dodge: Dodged            |    60 |    83 |   165 |   301 |   549 |   324 ||  1482
